 Dungeon Crawl Stone Soup version 0.29-a0-330-g52719c12eb (webtiles) character file.

Game seed: 4312041608637276713

4 Maratek the Stinger (level 1, -2/10 HPs)
             Began as a Tengu Venom Mage on May 17, 2022.
             Slain by a jackal (3 damage)
             ... on level 1 of the Dungeon on May 30, 2022.
             The game lasted 00:01:02 (556 turns).

Maratek the Stinger (Tengu Venom Mage)               Turns: 556, Time: 00:01:02

Health: -2/10      AC:  2    Str:  8    XL:     1   Next: 70%
Magic:  4/4        EV: 12    Int: 15    God:
Gold:   29         SH:  0    Dex: 14    Spells: 3/4 levels left

rFire   . . .      SeeInvis .   (no weapon)
rCold   . . .      Faith    .   (no shield)
rNeg    . . .      Spirit   .   a - +0 robe
rPois   .          Reflect  .   (helmet restricted)
rElec   .          Harm     .   (no cloak)
rCorr   .          Rampage  .   (no gloves)
Will    .....                   (boots unavailable)
Stlth   ++........              (no amulet)
HPRegen 0.03/turn               (no ring)
MPRegen 0.09/turn               (no ring)

@: no status effects
A: beak, talons 3
a: no special abilities


You were on level 1 of the Dungeon.
You visited 1 branch of the dungeon, and saw 1 of its levels.

You collected 29 gold pieces.

Inventory:

Armour
 a - a +0 robe (worn)
Scrolls
 c - a scroll of vulnerability {unknown}
 e - 2 scrolls of identify {unknown}
Potions
 b - a potion of magic
 d - a potion of mutation {unknown}
 f - a potion of flight {unknown}


   Skills:
 + Level 2.2 Dodging
 + Level 2.0 Stealth
 + Level 2.0 Spellcasting
 + Level 0.8 Transmutations
 + Level 3.2 Poison Magic


You had 3 spell levels left.
You knew the following spells:

 Your Spells              Type           Power      Damage    Failure   Level
a - Sting                 Tmut/Pois      28%        1d4       10%         1

Your spell library contained the following spells:

 Spells                   Type           Power      Damage    Failure   Level
 Poisonous Vapours        Pois/Air       12%        N/A       17%         2
 Mephitic Cloud           Conj/Pois/Air  4%         N/A       38%         3
 Olgreb's Toxic Radiance  Pois           11%        N/A       52%         4


Dungeon Overview and Level Annotations

Branches:
Dungeon (1/15)

Altars:


Innate Abilities, Weirdness & Mutations

You have a beak for a mouth.
You have claws for feet.


Message History

Found a chain mail.
The jackal barks!
You hear a bark!
The jackal barks!
A jackal comes into view.
The jackal barks!
You hit the dart slug.
The dart slug is lightly wounded.
The jackal barely misses you. The dart slug barely misses you.
You hit the dart slug but do no damage. Your peck misses the dart slug.
The dart slug is lightly wounded.
The jackal barely misses you.
You hit the dart slug but do no damage.
The dart slug is lightly wounded.
The jackal closely misses you. The dart slug launches a dart at you.
The slug dart misses you.
You hit the dart slug. You peck the dart slug.
The dart slug is severely wounded.
The jackal bites you. x2; The jackal barely misses you.
The jackal bites you.
The jackal bites you but does no damage.
The jackal closely misses you. The jackal misses you.
The dart slug bites you but does no damage.
You hit the dart slug. Your kick misses the dart slug.
The dart slug is almost dead.
The jackal barely misses you. The jackal closely misses you.
The jackal barely misses you. x2
You hit the dart slug.
The dart slug is almost dead.
The jackal bites you.
A giant cockroach comes into view.
The jackal barely misses you. The jackal misses you.
The jackal closely misses you. The dart slug barely misses you.
The jackal barely misses you. The jackal closely misses you.
The jackal barely misses you. The jackal bites you.
* * * LOW HITPOINT WARNING * * *
You hit the dart slug but do no damage.
The dart slug is almost dead.
The jackal bites you.
* * * LOW HITPOINT WARNING * * *
The jackal barely misses you. The jackal bites you.
You die...

#.. .#. ..# .( . ..
#.# ### # [. .. ...
... #. #. #.# ##.#
.B.#.##.# ...#
###+#
.....#.#####.#.#
#....
...###hh.........#
#....
#.....w@..:.....#
#....
..#...hh....#...#
####.
###.###P###...# ##
... ..P..#...# #
#.#
#P#P#P#...########
#.
.......#...##......
# #.# #P#
#.####...... .. .P.
#...........
#.......####


You could see a dart slug, 4 jackals and a giant cockroach.

Vanquished Creatures
  2 endoplasms (D:1)
  2 bats (D:1)
  A rat (D:1)
5 creatures vanquished.

Notes
Turn   | Place    | Note
-------+----------+-------------------------------------------
     0 | D:1      | Maratek the Tengu Venom Mage began the quest for the Orb.
     0 | D:1      | Reached XP level 1. HP: 10/10 MP: 4/4
   556 | D:1      | Slain by a jackal

Illustrated notes

Levels and vault maps discovered:
D:1:      elethiomel_arrival_infinity_welcomes_careful_drivers, layout_basic,
          shapermc_ecumenical_altar_mp_urbaneastern, st_stairs_9

Action                   || total
-------------------------++-------
Melee: Unarmed           ||    13
       Kick              ||     4
       Peck              ||     3
 Cast: Sting             ||     7
Armor: Robe              ||     6
Dodge: Dodged            ||    27

Table legend: (Time is in decaauts)
 A = Elapsed time spent in this place.
 B = Non-inter-level travel time spent in this place.
 C = Inter-level travel time spent in this place.
 D = Time resting spent in this place.
 E = Time spent auto-exploring this place.
 F = Levels seen in this place.
 G = Mean time per level.
                   A        B        C        D        E       F      G
               +--------+--------+--------+--------+--------+-----+--------+
         Total |    556 |    556 |      0 |      0 |    478 |   1 |  556.0 |
       Dungeon |    556 |    556 |      0 |      0 |    478 |   1 |  556.0 |
               +--------+--------+--------+--------+--------+-----+--------+

Top non-repeatable levels by time:
     D:1: 556 daAuts
